 Dungeon Crawl Stone Soup version 0.30-a0-591-g3c58d2bc28 (webtiles) character file.

Game seed: 5588868327578589478

1654 Newt the Cleaver (level 8, -9/54 HPs)
             Began as a Demonspawn Gladiator on Jan 5, 2023.
             Was a Believer of Hepliaklqana.
             Mangled by an orc warrior
             ... wielding a +0 scimitar
              (11 damage)
             ... on level 7 of the Dungeon.
             The game lasted 00:08:23 (5690 turns).

Newt the Cleaver (Demonspawn Gladiator)             Turns: 5690, Time: 00:08:24

Health: -9/54      AC: 10    Str: 16    XL:     8   Next: 68%
Magic:  8/8        EV: 10    Int: 13    God:    Hepliaklqana [**....]
Gold:   319        SH:  7    Dex: 14    Spells: 7/7 levels left

rFire   + . .      SeeInvis +    F - +0 war axe
rCold   + . .      Faith    .    I - +0 kite shield
rNeg    . . .      Spirit   .    C - +0 troll leather armour {Pargi}
rPois   .          Reflect  .    y - +1 helmet
rElec   .          Harm     .    j - scarf {rC+ rF+}
rCorr   .          Rampage  .    (no gloves)
Will    .....                    (no boots)
Stlth   ++                       x - amulet of the acrobat
HPRegen 1.09/turn                f - ring of see invisible
MPRegen 0.11/turn                s - +4 ring of protection

@: studying Axes
A: reduced essence, ignite blood 2, powered by death 1, big brain 1
a: Renounce Religion, Recall Ancestor, Ancestor Identity


You were on level 7 of the Dungeon.
You worshipped Hepliaklqana.
Hepliaklqana was pleased with you.
You visited 1 branch of the dungeon, and saw 7 of its levels.
You also visited: Sewer.

You collected 451 gold pieces.
You spent 132 gold pieces at shops.

Inventory:

Hand Weapons
 a - a +1 rapier of protection
 m - a +0 dagger of venom
 u - a +0 short sword of holy wrath
 F - a +0 war axe (weapon)
Missiles
 d - 2 throwing nets
 e - a javelin
 h - 55 stones (quivered)
 l - 12 poisoned darts
Armour
 b - a +0 leather armour
 c - a +0 helmet
 j - a scarf of resistance (worn)
 p - a +0 cloak
 y - a +1 helmet (worn)
 C - a +0 troll leather armour (worn) {Pargi}
 I - a +0 kite shield (worn)
Jewellery
 f - a ring of see invisible (left hand)
 s - a +4 ring of protection (right hand)
 x - an amulet of the acrobat (around neck)
 G - a ring of resist corrosion
Wands
 D - a wand of flame (20)
 H - a wand of paralysis (9)
Scrolls
 n - a scroll of fear
 o - a scroll of fog
 z - 3 scrolls of teleportation
 E - 2 scrolls of poison
Potions
 g - a potion of ambrosia
 i - 3 potions of brilliance
 k - 3 potions of degeneration
 q - 2 potions of lignification
 r - 3 potions of might
 t - 3 potions of haste
 w - 2 potions of curing
 A - a potion of magic
 B - 5 potions of invisibility


   Skills:
 - Level 4.0 Fighting
 - Level 2.6 Short Blades
 + Level 8.5 Axes
 - Level 6.0 Throwing
 - Level 4.0 Armour
 - Level 2.6 Dodging
 - Level 2.0 Stealth


You had 7 spell levels left.
You didn't know any spells.
Your spell library contained the following spells:

 Spells                   Type           Power      Damage    Failure   Level
 Kiss of Death            Conj/Necr      0%         2d5       80%         1
 Shock                    Conj/Air       0%         1d3       80%         1
 Call Canine Familiar     Summ           0%         N/A       99%         3
 Confusing Touch          Hex            0%         N/A       99%         3
 Gell's Gravitas          Tloc           0%         N/A       99%         3
 Lesser Beckoning         Tloc           0%         N/A       99%         3
 Portal Projectile        Hex/Tloc       0%         N/A       99%         3
 Swiftness                Air            0%         N/A       99%         3
 Teleport Other           Tloc           0%         N/A       99%         3
 Airstrike                Air            0%         2d(0-16)  100%        4
 Dispel Undead            Necr           0%         3d6       100%        4
 Leda's Liquefaction      Hex/Erth       0%         N/A       100%        4


Dungeon Overview and Level Annotations

Branches:
Dungeon (7/15)             Temple (0/1) D:6           Sewer (visited)

Altars:
Ashenzari
Dithmenos
Fedhas
Hepliaklqana
Kikubaaqudgha
Qazlal
Ru
Trog

Shops:
D:1 [   D:2 [=(*(   D:4 ?


Innate Abilities, Weirdness & Mutations

Your life essence is reduced to manifest your ancestor. (-10% HP)
Your demonic aura often causes spilled blood to erupt in flames.
You regenerate a little health from kills.
You have an unusually large brain. (Int +2)


Message History

Unknown command.
Found a stone staircase leading up.
You feel less confused. The orc warrior misses you.
Unknown command.
You hit the orc warrior but do no damage.
The orc warrior is lightly wounded.
You hit the orc but do no damage.
The orc warrior hits you with a +0 scimitar.
The orc warrior hits you from afar with a +1 halberd of distortion.
Space warps around you. The orc misses you.
The orc hits you but does no damage.
The orc warrior hits you with a +0 scimitar!
The orc warrior hits you from afar with a +1 halberd of distortion!
Unknown command.
You closely miss the orc warrior.
The orc warrior is lightly wounded.
You hit the orc. You hit the orc but do no damage. You block the orc's attack.
The orc hits you but does no damage.
The orc warrior hits you from afar with a +1 halberd of distortion!
You blink.
Unknown command.
Unknown command.
You hit the orc warrior.
The orc warrior is moderately wounded.
The orc priest looks braver for a moment.
The orc warrior hits you with a +0 scimitar!
* * * LOW HITPOINT WARNING * * *
Unknown command.
You feel much better. You block the orc warrior's attack.
The orc warrior barely misses you.
You barely miss the orc warrior.
The orc warrior is moderately wounded.
You hit the orc but do no damage. The orc warrior closely misses you.
The orc warrior hits you from afar with a +1 halberd of distortion!
Space warps horribly around you!!
* * * LOW HITPOINT WARNING * * *
You block the orc's attack. The orc closely misses you.
The orc warrior hits you with a +0 scimitar!
You die...

..............#.#.. ...
..<.....#.....###.. ...
...#########..##...
<....##. #....>.. .....
### #....... .....##.#
#......# ........#
+.....## ........#
#....... ...#..o@#
#....... ##.°o# #.......
###oo###### ##.......
...##.#.o.....# #...##...
......).......###...#....
.!....).##...............
......#.###...##.........
........##...###.........
...#..#####..# ##........


You could see 2 orc warriors, an orc priest and 2 orcs.

Vanquished Creatures
  2 water moccasins
  Pargi (Sewer)
  2 black bears
  A sky beast (D:6)
  An ice beast (D:6)
  A centaur (D:7)
  A phantom (D:6)
  2 bullfrogs (D:7)
  A gnoll sergeant (D:7)
  2 necrophages
  A jelly (D:6)
  2 orc priests
  2 iguanas
  An orc wizard (D:7)
  A gnoll (D:7)
  7 adders
  A shadow imp (D:5)
  3 worms
  6 dart slugs
  6 orcs
  9 endoplasms
  5 giant cockroaches
  11 goblins
  12 hobgoblins
  11 jackals
  5 quokkas
  10 ball pythons
  9 bats
  7 frilled lizards
  9 kobolds
  13 rats
145 creatures vanquished.

Vanquished Creatures (collateral kills)
  A sky beast (D:6)
  A gnoll (D:7)
  An adder (D:6)
  2 white imps (D:6)
  A frilled lizard (D:3)
6 creatures vanquished.

Vanquished Creatures (others)
  A wizard (D:3)
  A hexer (D:7)
  4 fungi (D:6)
6 creatures vanquished.

Grand Total: 157 creatures vanquished

Notes
Turn   | Place    | Note
-------+----------+-------------------------------------------
     0 | D:1      | Newt the Demonspawn Gladiator began the quest for the Orb.
     0 | D:1      | Reached XP level 1. HP: 16/16 MP: 1/1
    69 | D:1      | Reached skill level 1 in Stealth
   128 | D:1      | Gained mutation: You have an unusually large brain. (Int
                  | +2) [demonic ancestry]
   128 | D:1      | Reached XP level 2. HP: 11/22 MP: 2/2
   404 | D:1      | Found a faded altar of an unknown god.
   404 | D:1      | Found Gaoly's Armour Shoppe.
   598 | D:1      | Reached XP level 3. HP: 25/27 MP: 3/3
   938 | D:2      | Found Zadosuim's Assorted Antiques.
   951 | D:2      | Bought a pearl ring for 80 gold pieces
  1074 | D:2      | Found Ryikhla's Weapon Boutique.
  1169 | D:2      | Found Voanku's Armour Shop.
  1656 | D:2      | Gained mutation: Your demonic aura sometimes causes spilled
                  | blood to erupt in flames. [demonic ancestry]
  1656 | D:2      | Reached XP level 4. HP: 33/33 MP: 4/4
  1710 | D:2      | Found Taesim's Weapon Shoppe.
  2167 | D:2      | Found Wyaheijypu's Jewellery Emporium.
  2490 | D:3      | Found a bloodstained altar of Trog.
  2493 | D:3      | Noticed a wizard
  2498 | D:3      | Killed a wizard
  2718 | D:3      | Gained mutation: Your demonic aura often causes spilled
                  | blood to erupt in flames. [demonic ancestry]
  2718 | D:3      | Reached XP level 5. HP: 32/39 MP: 5/5
  3063 | D:4      | Found a glowing drain.
  3095 | Sewer    | Entered a sewer
  3213 | Sewer    | Noticed Pargi
  3234 | Sewer    | Killed Pargi
  3353 | D:4      | Noticed a black bear
  3364 | D:4      | Gained mutation: You regenerate a little health from kills.
                  | [demonic ancestry]
  3364 | D:4      | Reached XP level 6. HP: 47/48 MP: 6/6
  3426 | D:4      | Reached skill level 5 in Throwing
  3486 | D:4      | Found a shadowy altar of Dithmenos.
  3699 | D:4      | Found Wunoenk's Magic Scroll Shop.
  3709 | D:4      | Bought a scroll of identify for 26 gold pieces
  3709 | D:4      | Bought a scroll of identify for 26 gold pieces
  3931 | D:4      | Found a hazy altar of Hepliaklqana.
  3963 | D:4      | Became a worshipper of Hepliaklqana the Forgotten
  3971 | D:4      | Found an ancient bone altar of Kikubaaqudgha.
  3975 | D:4      | Found a blossoming altar of Fedhas.
  4147 | D:5      | Entered Level 5 of the Dungeon
  4397 | D:5      | Reached XP level 7. HP: 54/54 MP: 7/7
  4542 | D:5      | Reached skill level 1 in Armour
  4602 | D:5      | Identified a scroll of acquirement
  4701 | D:5      | Reached * piety under Hepliaklqana
  4702 | D:5      | Acquired a manual of Axes
  4990 | D:6      | Found a staircase to the Ecumenical Temple.
  5078 | D:6      | Reached skill level 2 in Axes
  5080 | D:6      | Reached skill level 4 in Axes
  5080 | D:6      | Reached XP level 8. HP: 47/54 MP: 8/8
  5151 | D:6      | Reached skill level 5 in Axes
  5248 | D:6      | Found a broken altar of Ashenzari.
  5248 | D:6      | Found a sacrificial altar of Ru.
  5388 | D:7      | Reached skill level 6 in Axes
  5485 | D:7      | Reached skill level 7 in Axes
  5498 | D:7      | Reached ** piety under Hepliaklqana
  5499 | D:7      | Remembered your ancestor Simosihle as a hexer
  5612 | D:7      | Found a stormy altar of Qazlal.
  5630 | D:7      | Reached skill level 8 in Axes
  5690 | D:7      | HP: 2/54 [orc warrior/+1 halberd of distortion (22)]
  5690 | D:7      | Mangled by an orc warrior

Illustrated notes

Levels and vault maps discovered:
D:1:      dpeg_arrival_arbitrary_c, layout_rooms, serial_shops, shop,
          ebering_ecumenical_altar_abandoned, minmay_split_cup_large
D:2:      layout_loops_cross, serial_shops, nicolae_shop_advertising_works
          [nicolae_subvault_shop_adworks], shop, shop, shop, shop,
          chequers_serial_rivers_small_a, minmay_fractal_squares_gapless_5
D:3:      layout_rooms, trog_wizard, serial_aquarium, aquarium_bridge_square
          [aquarium_subvault_bridge, aquarium_subvault_window,
          aquarium_subvault_window, aquarium_subvault_bridge],
          aquarium_bridge_square [aquarium_subvault_bridge,
          aquarium_subvault_bridge, aquarium_subvault_wall,
          aquarium_subvault_bridge], aquarium_window_1, aquarium_window_fake,
          aquarium_view_2c, aquarium_view_2d, aquarium_balcony_1a,
          aquarium_pool_2, grunt_ministairs_4
D:4:      nicolae_cairo_tiling_large, layout_rooms,
          minmay_overflow_temple_star_quad, grunt_dithmenos_smoke_and_mirrors,
          serial_bayou, serial_bayou_pond_e, serial_bayou_crossing,
          serial_bayou_pond_d, serial_bayou_pond_a, serial_bayou_pond_b,
          cheibrodos_sewer_entry_bend, serial_shops,
          nicolae_shop_temple_entry_statues_fountains
D:5:      layout_cave_pods
D:6:      layout_rooms, mainiacjoe_overflow_boulevard,
          gammafunk_temple_overflow_statue, minmay_temple_entry_statues_pillars
D:7:      layout_cave_pools, grunt_qazlal_clouds, marbit_many_paths,
          nicolae_eternal_life, hex_tiny, kennysheep_generic_room_11

Skill      XL: |  1  2  3  4  5  6  7  8 |
---------------+-------------------------+-----
Stealth        | 1 2 |  2.0
Throwing       | 2 3 4 6 |  6.0
Fighting       | 4 |  4.0
Armour         | 4 |  4.0
Axes           | 4 8 |  8.5
Short Blades   | |  2.6
Dodging        | |  2.6

Action                   |  1- 3 |  4- 6 |  7- 9 || total
-------------------------+-------+-------+-------++-------
Melee: Rapier            |   164 |    57 |       ||   221
       Dagger            |       |   260 |    75 ||   335
       Punch             |       |     3 |     1 ||     4
       War axe           |       |       |    57 ||    57
Throw: Javelin           |     2 |       |       ||     2
       Stone             |     3 |     1 |       ||     4
       Throwing net      |     3 |       |       ||     3
Invok: Ancestor Life: He |       |       |     1 ||     1
  Use: Scroll            |     4 |    14 |     4 ||    22
       Potion            |     1 |       |     1 ||     2
 Stab: Sleeping          |     3 |     6 |     1 ||    10
       Held in net/web   |     2 |       |       ||     2
       Distracted        |       |       |     1 ||     1
Armor: Leather armour    |    60 |    81 |       ||   141
       Troll leather arm |       |    67 |    41 ||   108
Dodge: Dodged            |   136 |   204 |    81 ||   421
Block: Kite shield       |       |       |     5 ||     5

Table legend: (Time is in decaauts)
 A = Elapsed time spent in this place.
 B = Non-inter-level travel time spent in this place.
 C = Inter-level travel time spent in this place.
 D = Time resting spent in this place.
 E = Time spent auto-exploring this place.
 F = Levels seen in this place.
 G = Mean time per level.
                   A        B        C        D        E       F      G
               +--------+--------+--------+--------+--------+-----+--------+
         Total |   5735 |   5440 |    295 |    570 |   3504 |   8 |  716.9 |
       Dungeon |   5475 |   5180 |    295 |    570 |   3401 |   7 |  782.1 |
         Sewer |    260 |    260 |      0 |      0 |    103 |   1 |  260.0 |
               +--------+--------+--------+--------+--------+-----+--------+

Top non-repeatable levels by time:
     D:2: 1321 daAuts
     D:1: 945 daAuts
     D:4: 870 daAuts
     D:5: 832 daAuts
     D:3: 793 daAuts
     D:6: 390 daAuts
     D:7: 321 daAuts
   Sewer: 260 daAuts
